 Dungeon Crawl Stone Soup version 0.28-a0-691-gad6df49e81 (webtiles) character file.

Game seed: 9406205630117364197

45 jasper the Charlatan (level 3, 0/26 HPs)
             Began as a Demonspawn Artificer on Oct 21, 2021.
             Was a Follower of Yredelemnul.
             Succumbed to a scorpion's poison
             ... on level 1 of the Dungeon.
             The game lasted 00:02:43 (2066 turns).

jasper the Charlatan (Demonspawn Artificer)         Turns: 2066, Time: 00:02:44

Health: 0/26       AC:  5    Str: 12    XL:     3   Next: 42%
Magic:  3/3        EV: 11    Int: 12    God:    Yredelemnul [*.....]
Gold:   82         SH:  0    Dex: 14    Spells: 2/2 levels left

rFire   . . .      SeeInvis .   f - +0 whip
rCold   . . .      Faith    .   (no shield)
rNeg    . . .      Spirit   .   b - +0 leather armour
rPois   .          Reflect  .   m - +2 hat
rElec   .          Harm     .   (no cloak)
rCorr   .          Rampage  .   (no gloves)
Will    .....                   (no boots)
Stlth   +.........              (no amulet)
HPRegen 0.08/turn               (no ring)
MPRegen 0.08/turn               (no ring)

@: lethally poisoned (0 -> -11)
A: powered by death 1, demonic touch 1
a: Renounce Religion, Animate Remains


You were on level 1 of the Dungeon.
You worshipped Yredelemnul.
Yredelemnul was aware of your devotion.
You visited 1 branch of the dungeon, and saw 2 of its levels.

You collected 82 gold pieces.

Inventory:

Hand Weapons
 a - a +0 club
 f - a +0 whip (weapon)
Missiles
 j - 59 stones
Armour
 b - a +0 leather armour (worn)
 m - a +2 hat (worn)
Wands
 d - a wand of charming (15)
Scrolls
 h - a scroll of silence {unknown}
 i - a scroll of fear {unknown}
 k - a scroll of brand weapon {unknown}
 l - a scroll of summoning {unknown}
Miscellaneous
 e - a piece from Xom's chessboard (15/15)


   Skills:
 - Level 1.0 Fighting
 - Level 1.7 Armour
 - Level 0.8 Dodging
 - Level 0.8 Stealth
 + Level 4.5 Evocations


You had 2 spell levels left.
You didn't know any spells.
Your spell library contained the following spells:

 Spells                   Type           Power      Damage    Failure   Level
 Blink                    Tloc           N/A        N/A       54%         2
 Lesser Beckoning         Tloc           0%         N/A       77%         3
 Manifold Assault         Tloc           0%         N/A       100%        5


Dungeon Overview and Level Annotations

Branches:
Dungeon (2/15)

Altars:
Yredelemnul


Innate Abilities, Weirdness & Mutations

You regenerate a little health from kills.
Your touch may inflict minor irresistible damage on your foes.


Message History

The scorpion is lightly wounded.
The scorpion stings you but does no damage. x2
Your hobgoblin zombie completely misses the scorpion.
The scorpion stings you!
You are poisoned.
The scorpion poisons you!
You take 8 damage, and have 17/26 hp.
MASSIVE DAMAGE!!
You feel very sick. The scorpion misses you.
Your hobgoblin zombie barely misses the scorpion. x2
You take 4 damage, and have 13/26 hp.
You feel sick.
You take 2 damage, and have 11/26 hp.
You feel sick.
You take 2 damage, and have 9/26 hp.
It was a potion of cancellation.
You feel magically purged.
* * * LOW HITPOINT WARNING * * *
You feel sick. The scorpion barely misses you.
The scorpion completely misses you.
You take 2 damage, and have 7/26 hp.
It was a potion of curing.
You feel better.
Your hobgoblin zombie barely misses the scorpion. x2
The scorpion barely misses you.
You regained 6 hp, and now have 13/26 hp.
You hit the scorpion but do no damage. Your touch misses the scorpion.
The scorpion is lightly wounded.
The scorpion stings you!
* * * LOW HITPOINT WARNING * * *
You are lethally poisoned!
The scorpion poisons you!
Your hobgoblin zombie barely misses the scorpion.
Your hobgoblin zombie hits the scorpion but does no damage.
You take 7 damage, and have 6/26 hp.
MASSIVE DAMAGE!!
* * * LOW HITPOINT WARNING * * *
You feel very sick.
You take 3 damage, and have 3/26 hp.
You aren't carrying any potions.
Unknown command.
You die...
Your body rises from the dead as a mindless zombie. #.##.......# #.##.......# #.##.......####### #................# #.##.......#####.# #.#####.#### #.# ###.#####.# #ZZ

#......##.# #Z#
##.#@##.##.########.#
#.###.#...........ZZ#
##.#s##.........ZZ###
#ZZ###.##.######.###
#ZZ# #.##...).......
#..# #.##.###Z......
#ZZ###)##..ZZ.......
###ZZZ.Z....###.##.#.#
#...Z.......###.##.#.#


There were no monsters in sight!

Vanquished Creatures
  4 endoplasms
  A giant cockroach (D:1)
  3 goblins
  7 hobgoblins (D:1)
  4 jackals (D:1)
  6 kobolds
  5 ball pythons (D:1)
  3 bats (D:1)
  2 frilled lizards (D:1)
  3 rats
38 creatures vanquished.

Vanquished Creatures (collateral kills)
  A goblin (D:1)
1 creature vanquished.

Vanquished Creatures (others)
  A goblin zombie (D:2)
  A jackal zombie (D:1)
2 creatures vanquished.

Grand Total: 41 creatures vanquished

Notes
Turn   | Place    | Note
-------+----------+-------------------------------------------
     0 | D:1      | jasper the Demonspawn Artificer began the quest for the
                  | Orb.
     0 | D:1      | Reached XP level 1. HP: 15/15 MP: 1/1
   309 | D:1      | Found a faded altar of an unknown god.
   603 | D:1      | Prayed at the altar of an unknown god.
   603 | D:1      | Became a worshipper of Yredelemnul the Dark
   603 | D:1      | Reached * piety under Yredelemnul
   619 | D:1      | Gained mutation: You regenerate a little health from kills.
                  | [demonic ancestry]
   619 | D:1      | Reached XP level 2. HP: 21/21 MP: 2/2
   995 | D:1      | Reached skill level 4 in Evocations
  1075 | D:1      | Gained mutation: Your touch may inflict minor irresistible
                  | damage on your foes. [demonic ancestry]
  1075 | D:1      | Reached XP level 3. HP: 10/26 MP: 3/3
  2045 | D:2      | Noticed a scorpion
  2066 | D:1      | Succumbed to a scorpion's poison

Illustrated notes

Levels and vault maps discovered:
D:1:      doesnt_arrival_eight_statues, layout_loops_ring,
          ebering_ecumenical_altar_abandoned, minmay_cut_off
D:2:      layout_rooms, serial_rivers, chequers_serial_rivers_micro_a,
          chequers_serial_rivers_room_a, chequers_serial_rivers_room_b,
          chequers_serial_rivers_micro_a, chequers_serial_rivers_room_b,
          serial_shops, nicolae_shop_stone

Skill      XL: |  1  2 |
---------------+-------+-----
Evocations     | 4 |  4.5
Fighting       | |  1.0
Armour         | |  1.7
Dodging        | |  0.8
Stealth        | |  0.8

Action                   || total
-------------------------++-------
Melee: Whip              ||    90
       Club              ||     9
       Touch             ||    10
Invok: Animate Remains   ||    13
Evoke: Wand              ||    15
  Use: Potion            ||     2
Armor: Leather armour    ||    34
Dodge: Dodged            ||    59

Table legend: (Time is in decaauts)
 A = Elapsed time spent in this place.
 B = Non-inter-level travel time spent in this place.
 C = Inter-level travel time spent in this place.
 D = Time resting spent in this place.
 E = Time spent auto-exploring this place.
 F = Levels seen in this place.
 G = Mean time per level.
                   A        B        C        D        E       F      G
               +--------+--------+--------+--------+--------+-----+--------+
         Total |   2077 |   2031 |     46 |    535 |   1173 |   2 | 1038.5 |
       Dungeon |   2077 |   2031 |     46 |    535 |   1173 |   2 | 1038.5 |
               +--------+--------+--------+--------+--------+-----+--------+

Top non-repeatable levels by time:
     D:1: 2002 daAuts
     D:2: 75 daAuts
